 Dungeon Crawl Stone Soup version 0.27-a0-1317-gd1140b374c (webtiles) character file.

Game seed: 10625884739460049210

46 Froggeryz the Chopper (level 3, -4/31 HPs)
             Began as a Palentonga Abyssal Knight on June 21, 2021.
             Was a Follower of Lugonu.
             Slain by Sigmund (10 damage)
             ... on level 2 of the Dungeon.
             The game lasted 00:01:47 (1603 turns).

Froggeryz the Chopper (Palentonga Abyssal Knight)   Turns: 1603, Time: 00:01:47

Health: -4/31      AC:  8    Str: 16    XL:     3   Next: 46%
Magic:  4/4        EV:  7    Int: 12    God:    Lugonu [*.....]
Gold:   34         SH:  0    Dex:  9    Spells: 2/2 levels left

rFire    . . .     SeeInvis +   a - +1 hand axe
rCold    + . .     Faith    .   (no shield)
rNeg     . . .     Spirit   .   b - +0 leather armour
rPois    .         Reflect  .   (no helmet)
rElec    .         Harm     .   (no cloak)
rCorr    .         Rampage  .   (no gloves)
Will     .....                  d - +0 barding {rC+}
Stlth    +.........             (no amulet)
HPRegen  0.10/turn              (no ring)
MPRegen  0.09/turn              (no ring)

@: on berserk cooldown, slowed, very slow
A: large, rugged brown scales 3, see invisible, deformed body, roll 1, armoured
tail
a: Rolling Charge, Renounce Religion, Depart the Abyss


You were on level 2 of the Dungeon.
You worshipped Lugonu.
Lugonu was aware of your devotion.
You visited 1 branch of the dungeon, and saw 2 of its levels.
You visited the Abyss 1 time.

You collected 34 gold pieces.

Inventory:

Hand Weapons
 a - a +1 hand axe (weapon)
Armour
 b - a +0 leather armour (worn)
 d - a +0 barding of cold resistance (worn)
Jewellery
 c - a ring of ice
 h - a ring of ice
Scrolls
 f - a scroll of immolation {unknown}
 g - 2 scrolls of magic mapping {unknown}
 i - a scroll of identify {unknown}
Potions
 e - a potion of lignification


   Skills:
 - Level 3.0 Fighting
 * Level 3.9 Axes
 - Level 1.5 Armour
 - Level 0.7 Dodging
 - Level 2.0 Invocations


You had 2 spell levels left.
You didn't know any spells.
Your spell library was empty.

Dungeon Overview and Level Annotations

Branches:
Dungeon (2/15)

Altars:

Annotations:
D:2 Sigmund


Innate Abilities, Weirdness & Mutations

You are completely covered in rugged brown scales. (AC +3, +7% HP)
You have supernaturally acute eyesight. (SInv)
Armour fits poorly on your strangely shaped body.
You can roll at nearby foes to attack.
You have a long armoured tail.


Message History

The magic dart hits you but does no damage.
You closely miss Sigmund.
Sigmund is heavily wounded.
Your transformation is almost over.
Sigmund hits you but does no damage. Sigmund gestures at you while chanting.
The puff of flame hits you.
You barely miss Sigmund.
Sigmund is heavily wounded.
Sigmund points at you and mumbles some strange words.
The puff of flame hits you but does no damage.
Sigmund hits you with a +0 scythe.
You hit Sigmund.
Sigmund is heavily wounded.
Sigmund hits you but does no damage.
You feel less attractive to monsters.
You hit Sigmund but do no damage.
Sigmund is heavily wounded.
Sigmund hits you but does no damage. x2
You barely miss Sigmund.
Sigmund is heavily wounded.
Sigmund says, "Your kind have come here before.
I understand now why.
You desire death..."
Sigmund gestures at you while chanting.
The magic dart hits you but does no damage.
Sigmund hits you but does no damage.
You barely miss Sigmund.
Sigmund is heavily wounded.
Sigmund hits you but does no damage.
You barely miss Sigmund.
Sigmund is heavily wounded.
You feel less wooden.
Your +0 barding of cold resistance unmelds from your body.
Your +0 leather armour unmelds from your body.
You feel resistant to cold. Sigmund hits you with a +0 scythe!
* * * LOW HITPOINT WARNING * * *
Sigmund gestures at you while chanting. The puff of flame misses you.
You barely miss Sigmund.
Sigmund is heavily wounded.
Sigmund hits you with a +0 scythe!
You die...

##.## #####.###
#...# ####.# ##..# .
..##(# ##.# #.
#.##.# #.# #..
#.##.# ###.### ..
#.##.# ......#
##.#.##.##.# .##.#.#
#.......##.#
.##.#.###.##.#.@@..#
.##....# #.#..####
.####..##....#..#
.####<..........#
......###.#####.#
####### .. ..# # ##
### # #


You could see Sigmund.

Vanquished Creatures
  An adder (D:2)
  A gnoll (D:1)
  A dart slug (D:2)
  2 ball pythons (D:1)
  3 giant cockroaches (D:1)
  4 hobgoblins
  A kobold (D:1)
  2 quokkas
  5 bats
  2 frilled lizards (D:1)
  6 rats
28 creatures vanquished.

Notes
Turn   | Place    | Note
-------+----------+-------------------------------------------
     0 | Abyss:1  | Froggeryz the Palentonga Abyssal Knight began the quest for
                  | the Orb.
     0 | Abyss:1  | Reached XP level 1. HP: 19/19 MP: 2/2
     5 | Abyss:1  | Found a corrupted altar of Lugonu.
     8 | Abyss:1  | Found a corrupted altar of Lugonu.
    36 | Abyss:1  | Noticed a profane servitor
    42 | Abyss:1  | Identified a scroll of acquirement
    42 | Abyss:1  | Acquired a +0 barding of cold resistance
    44 | D:1      | Escaped the Abyss
   230 | D:1      | Reached XP level 2. HP: 25/25 MP: 3/3
   369 | D:1      | Reached * piety under Lugonu
   579 | D:1      | Found a faded altar of an unknown god.
  1074 | D:2      | Reached XP level 3. HP: 31/31 MP: 4/4
  1575 | D:2      | Noticed Sigmund
  1603 | D:2      | Slain by Sigmund

Illustrated notes

Levels and vault maps discovered:
D:1:      minmay_arrival_split_and_join, layout_basic,
          shapermc_ecumenical_altar_starsandcircs, nrook_loot_triangle
D:2:      minmay_chambers_of_ones, layout_loops_cross, basic_altar,
          uniq_sigmund, uniq_natasha

Skill      XL: |  1  2 |
---------------+-------+-----
Axes           | 3 |  3.9
Fighting       | |  3.0
Armour         | |  1.5
Dodging        | |  0.7
Invocations    | |  2.0

Action                   || total
-------------------------++-------
Melee: Hand axe          ||    93
       Tailslap          ||    12
Invok: Depart the Abyss  ||     1
  Use: Scroll            ||     1
       Potion            ||     3
Armor: Leather armour    ||    48
       Skin              ||    22
Dodge: Dodged            ||    35

Table legend: (Time is in decaauts)
 A = Elapsed time spent in this place.
 B = Non-inter-level travel time spent in this place.
 C = Inter-level travel time spent in this place.
 D = Time resting spent in this place.
 E = Time spent auto-exploring this place.
 F = Levels seen in this place.
 G = Mean time per level.
                   A        B        C        D        E       F      G
               +--------+--------+--------+--------+--------+-----+--------+
         Total |   1625 |   1573 |     52 |    256 |   1052 |   3 |  541.7 |
       Dungeon |   1581 |   1529 |     52 |    256 |   1020 |   2 |  790.5 |
         Abyss |     44 |     44 |      0 |      0 |     32 |   1 |   44.0 |
               +--------+--------+--------+--------+--------+-----+--------+

Top non-repeatable levels by time:
     D:1: 1188 daAuts
     D:2: 393 daAuts
 Abyss:1: 44 daAuts
